AoeStats
← El Fantasma de Pancho Villa

Black Forest

509604970Analyzed
4v4 RM · 4d ago on Sep 27, 2026· 38m 16s· 8 players
Game mode
Random Map
Map size
Large (8 player)
Population
200
Speed
Normal
Resources
Standard
Victory
Conquest
Starting age
Dark Age
Ending age
Imperial Age
RankedLock teamsTeams togetherTeam positionsShared explorationLock speedFull tech treeHidden civsTurbo modeCheats
Victory
Defeat
🇺🇸 Cumans · United States
1124
+15
🇬🇧 Portuguese · United Kingdom
1086
+17
🇹🇷 Khmer · Türkiye
1066
+18
🇹🇷 Varangians · Türkiye
1059
+18
🇨🇱 Mongols · Chile
1123
-18
🇨🇳 Celts · China
1120
-18
🇹🇼 Khmer · Taiwan
1109
-17
🇨🇳 Persians · China
1059
-15
Stratty
0:34 Loom
12:52 Feudal Age
17:50 Castle Age
17:01 Double-Bit Axe
29:52 Imperial Age
28:31 Gold Mining
28:53 Bow Saw
31:09 Conscription
31:56 Chemistry
31:47 Wheelbarrow
32:33 Two-Man Saw
32:36 Arquebus
33:23 Ballistics
Demonte
11:22 Feudal Age
15:48 Castle Age
13:41 Double-Bit Axe
16:48 Bow Saw
20:11 Wheelbarrow
19:43 Horse Collar
22:42 Hand Cart
22:49 Town Watch
23:06 Heavy Plow
23:08 Stone Mining
24:11 Gold Mining
28:21 Stone Shaft Mining
28:58 Scale Mail Armor
29:08 Forging
29:29 Loom
32:15 Imperial Age
29:46 Town Patrol
30:26 Gambesons
30:41 Squires
30:26 Arson
32:04 Chain Mail Armor
32:24 Iron Casting
31:34 Treadmill Crane
32:06 Masonry
33:04 Elite Varangian Guard
34:17 Plate Mail Armor
34:48 Blast Furnace
34:57 Two-Man Saw
34:36 Crop Rotation
35:20 Conscription
34:25 Gothikon
cezinem
13:21 Feudal Age
14:16 Fishing Lines
19:38 Castle Age
20:59 Gold Mining
25:09 Imperial Age
22:46 Gillnets
23:15 Loom
23:16 Town Watch
25:16 Wheelbarrow
27:41 Gold Shaft Mining
26:57 Double-Bit Axe
26:51 Cavalier
27:47 Stone Mining
28:50 Capped Ram
28:57 Light Cavalry
30:21 Illumination
29:56 Devotion
30:31 Theocracy
29:52 Herbal Medicine
31:18 Chemistry
31:12 Hand Cart
30:57 Town Patrol
31:47 Town Patrol
32:38 Double Crossbow
33:30 Bow Saw
33:19 Horse Collar
33:16 Siege Ram
34:50 Caravan
34:55 Heavy Scorpion
36:19 Heavy Plow
37:38 Ballistics
El Fantasma de Pancho Villa
0:53 Loom
13:53 Feudal Age
13:59 Man-at-Arms
14:39 Double-Bit Axe
15:59 Scale Mail Armor
17:10 Fletching
22:49 Wheelbarrow
25:17 Wheelbarrow
37:32 Forging
hello are you ok
1:27 Loom
11:40 Feudal Age
12:29 Town Watch
16:02 Castle Age
14:00 Fishing Lines
14:36 Double-Bit Axe
17:14 Bow Saw
22:31 Gold Mining
28:14 Husbandry
29:30 Bloodlines
31:56 Horse Collar
32:13 Stone Mining
36:22 Wheelbarrow
36:22 Town Patrol
36:56 Scale Barding Armor
37:02 Forging
道八百里
5:38 Loom
11:39 Feudal Age
16:06 Castle Age
14:14 Horse Collar
14:33 Double-Bit Axe
15:45 Gold Mining
16:56 Bow Saw
21:40 Town Watch
24:23 Heavy Plow
25:48 Stone Mining
26:35 Gold Shaft Mining
30:06 Imperial Age
28:30 Wheelbarrow
29:37 Stone Shaft Mining
29:22 Scale Mail Armor
29:33 Forging
29:02 Pikeman
29:30 Arson
31:08 Wheelbarrow
31:54 Chain Mail Armor
32:15 Iron Casting
31:03 Halberdier
33:44 Siege Engineers
76561199122638748
11:32 Feudal Age
15:54 Castle Age
13:49 Horse Collar
14:01 Double-Bit Axe
17:04 Bow Saw
21:47 Heavy Plow
24:34 Wheelbarrow
24:22 Loom
25:41 Gold Mining
31:07 Imperial Age
28:53 Hand Cart
30:28 Town Watch
31:30 Gold Shaft Mining
31:27 Forging
31:23 Scale Barding Armor
31:30 Town Patrol
31:59 Bloodlines
31:50 Husbandry
31:11 Cavalier
32:02 Stone Mining
33:16 Conscription
32:17 Elite War Elephant
33:33 Hoardings
34:00 Crop Rotation
34:33 Two-Man Saw
34:05 Devotion
35:10 Squires
34:56 Arson
36:44 Chemistry
36:05 Ballistics
35:40 Murder Holes
35:56 Masonry
36:37 Stone Shaft Mining
36:43 Iron Casting
36:29 Chain Barding Armor
36:18 Savar
37:41 Citadels
37:32 Kamandaran
Lautaro_aoe
0:59 Loom
11:10 Feudal Age
14:51 Castle Age
12:43 Double-Bit Axe
14:12 Horse Collar
16:13 Bow Saw
Connection lost

Rejoining the realm…

Still unreachable

The connection could not be restored.

Session expired

The server has moved on; the page needs a fresh start.